 Dungeon Crawl Stone Soup version 0.28-a0-706-gf6f64a616a (webtiles) character file.

Game seed: 741141331216230853

648 pokeman the Magician (level 7, 0/38 HPs)
             Began as a Deep Elf Hedge Wizard on Oct 24, 2021.
             Slain by a gnoll (6 damage)
             ... on level 5 of the Dungeon.
             The game lasted 00:10:40 (5567 turns).

pokeman the Magician (Deep Elf Hedge Wizard)        Turns: 5567, Time: 00:10:40

Health: 0/38       AC:  0    Str:  7    XL:     7   Next: 27%
Magic:  5/29       EV: 12    Int: 21    God:
Gold:   115        SH:  0    Dex: 14    Spells: 10/21 levels left

rFire   . . .      SeeInvis .   f - staff of death
rCold   . . .      Faith    .   (no shield)
rNeg    + . .      Spirit   .   o - +0 leather armour
rPois   .          Reflect  .   c - +0 hat
rElec   .          Harm     .   j - +0 cloak
rCorr   +          Rampage  .   (no gloves)
Will    .....                   (no boots)
Stlth   ++........              (no amulet)
HPRegen 0.12/turn               i - ring of resist corrosion
MPRegen 0.21/turn               q - ring of magical power

@: corroded
A: no striking features
a: no special abilities


You were on level 5 of the Dungeon.
You visited 1 branch of the dungeon, and saw 5 of its levels.

You collected 281 gold pieces.
You spent 166 gold pieces at shops.

Inventory:

Hand Weapons
 s - a +0 hand crossbow
 x - a +0 shortbow
Missiles
 n - 75 bolts
 y - 13 arrows
Armour
 c - a +0 hat (worn)
 j - a +0 cloak (worn)
 o - a +0 leather armour (worn)
Magical Staves
 f - a staff of death (weapon)
Jewellery
 i - a ring of resist corrosion (left hand)
 m - a ring of protection from cold
 q - a ring of magical power (right hand)
Wands
 u - a wand of charming (13)
Scrolls
 a - 5 scrolls of amnesia {unknown}
 b - a scroll of teleportation
 d - 3 scrolls of identify
 l - a scroll of enchant armour {unknown}
 p - a scroll of immolation {unknown}
 t - a scroll of vulnerability {unknown}
 v - a scroll of blinking {unknown}
 z - a scroll of enchant weapon {unknown}
Potions
 e - 3 potions of heal wounds
 g - a potion of lignification {unknown}
 h - 2 potions of attraction {unknown}
 k - a potion of curing
 r - 2 potions of invisibility {unknown}
 w - a potion of cancellation {unknown}


   Skills:
 + Level 1.1 Fighting
 - Level 1.0 Armour
 - Level 3.1 Dodging
 - Level 3.2 Stealth
 * Level 7.9 Spellcasting
 + Level 3.9 Conjurations
 - Level 1.1 Summonings
 - Level 1.1 Necromancy
 - Level 1.1 Translocations
 + Level 1.5 Fire Magic
 - Level 2.0 Air Magic
 - Level 1.0 Poison Magic
 - Level 1.1 Evocations


You had 10 spell levels left.
You knew the following spells:

 Your Spells              Type           Power      Damage    Failure   Level
a - Magic Dart            Conj           96%        1d7       2%          1
b - Mephitic Cloud        Conj/Pois/Air  18%        N/A       14%         3
c - Call Imp              Summ           12%        N/A       11%         2
d - Blink                 Tloc           24%        N/A       11%         2
e - Conjure Flame         Conj/Fire      19%        6-21      12%         3

Your spell library contained the following spells:

 Spells                   Type           Power      Damage    Failure   Level
 Slow                     Hex            8%         N/A       19%         2
 Call Canine Familiar     Summ           12%        N/A       22%         3
 Portal Projectile        Hex/Tloc       20%        N/A       28%         3
 Leda's Liquefaction      Hex/Erth       4%         N/A       75%         4


Dungeon Overview and Level Annotations

Branches:
Dungeon (5/15)
 Temple: D:4-7

Altars:
Ashenzari
Dithmenos
Hepliaklqana
Sif Muna
Yredelemnul
The Shining One

Shops:
D:1 !   D:4 ?

Annotations:
D:3 Books behind rock


Message History

Aiming: Magic Dart (safe; 2% risk of failure)
Press: ? - help, Shift-Dir - straight line, f/p - gnoll shaman
Aim: a gnoll shaman, wielding a +0 club and wearing a +0 robe (almost dead, confused, 100% to hit)
The magic dart hits the gnoll shaman.
You kill the gnoll shaman!
The gnoll barely misses you.
Casting: Magic Dart (safe; 2% risk of failure)
Confirm with . or Enter, or press ? or * to list all spells.
The fire begins to smoulder!
The gnoll hits you with a +0 whip.
There are monsters nearby!
The gnoll hits you with a +0 whip.
The fire ignites!
You hit the gnoll but do no damage.
The gnoll is lightly wounded.
The gnoll barely misses you.
You hit the gnoll.
The gnoll is moderately wounded.
The gnoll hits you with a +0 whip.
Unknown command.
You barely miss the gnoll.
The gnoll is moderately wounded.
The gnoll hits you with a +0 whip. The gnoll barely misses you.
Unknown command.
You hit the gnoll.
The gnoll is moderately wounded.
The gnoll barely misses you.
Unknown command.
You barely miss the gnoll.
The gnoll is moderately wounded.
The gnoll hits you but does no damage.
The jelly is engulfed in blazing flames.
The jelly hits you.
* * * LOW HITPOINT WARNING * * *
The acid corrodes you!
You are splashed with acid.
You resist.
* * * LOW HITPOINT WARNING * * *
The gnoll barely misses you. The gnoll hits you with a +0 club.
* * * LOW HITPOINT WARNING * * *
The jelly is engulfed in blazing flames.
You kill the jelly!
The gnoll barely misses you. The gnoll hits you with a +0 club.
You die...

#.# .. .. ## . .#.# ..
..$ #J ### #.. ##.# .
#.. ##..## ###..
#...###g@..####.....
#....ยง.g............
#......)............
#...#....##.........
.......)..........##.#
.....#.####..<....#
.......###....###.#
..............# ..# #
........>#.##.## #.#


You could see 2 gnolls.

Vanquished Creatures
  A hornet zombie (D:4)
  A centaur (D:5)
  2 scorpions
  3 hounds
  A jelly (D:5)
  A gnoll shaman (D:5)
  Terence (D:3)
  A hound zombie (D:5)
  A hound skeleton (D:5)
  3 gnolls (D:5)
  7 adders
  2 worms (D:2)
  2 orcs
  9 ball pythons
  5 endoplasms
  5 giant cockroaches
  6 hobgoblins
  5 quokkas
  3 bats
  2 frilled lizards
  3 goblins (D:1)
  9 kobolds
  2 rats (D:1)
75 creatures vanquished.

Notes
Turn   | Place    | Note
-------+----------+-------------------------------------------
     0 | D:1      | pokeman the Deep Elf Hedge Wizard began the quest for the
                  | Orb.
     0 | D:1      | Reached XP level 1. HP: 10/10 MP: 7/7
   152 | D:1      | Found Uruefom's Distillery.
   431 | D:1      | Reached XP level 2. HP: 16/16 MP: 6/9
  1131 | D:1      | Reached skill level 5 in Spellcasting
  1523 | D:2      | Reached XP level 3. HP: 13/20 MP: 4/11
  1527 | D:2      | Learned a level 3 spell: Mephitic Cloud
  1530 | D:2      | Learned a level 2 spell: Call Imp
  1533 | D:2      | Learned a level 2 spell: Blink
  1537 | D:2      | Learned a level 3 spell: Conjure Flame
  1818 | D:2      | Reached skill level 1 in Fighting
  2009 | D:2      | Reached skill level 1 in Armour
  2158 | D:2      | Found a basalt altar of Yredelemnul.
  2698 | D:2      | Reached XP level 4. HP: 19/25 MP: 4/13
  2952 | D:1      | Bought a potion of heal wounds for 60 gold pieces
  2952 | D:1      | Bought a potion of curing for 36 gold pieces
  3064 | D:3      | Found a broken altar of Ashenzari.
  3113 | D:3      | Found a glowing golden altar of the Shining One.
  3115 | D:3      | Noticed an angel
  3157 | D:3      | Found a basalt altar of Yredelemnul.
  3159 | D:3      | Noticed a profane servitor
  3255 | D:3      | Noticed Terence
  3266 | D:3      | Killed Terence
  3267 | D:3      | Reached skill level 1 in Necromancy
  3623 | D:3      | Found a shimmering blue altar of Sif Muna.
  3717 | D:3      | Found a faded altar of an unknown god.
  3838 | D:4      | Reached skill level 6 in Spellcasting
  3838 | D:4      | Reached XP level 5. HP: 24/29 MP: 7/15
  3923 | D:4      | Found Affoeqe's Magic Scroll Shop.
  3933 | D:4      | Bought a scroll of identify for 28 gold pieces
  3933 | D:4      | Bought a scroll of teleportation for 42 gold pieces
  3957 | D:4      | Found a hazy altar of Hepliaklqana.
  3958 | D:4      | Found a shadowy altar of Dithmenos.
  3958 | D:4      | Noticed a shadow
  4071 | D:4      | Reached skill level 1 in Fire Magic
  4465 | D:4      | Reached XP level 6. HP: 15/34 MP: 17/17
  4827 | D:4      | Reached skill level 7 in Spellcasting
  4827 | D:4      | Reached skill level 1 in Air Magic
  5036 | D:5      | Entered Level 5 of the Dungeon
  5233 | D:5      | Reached skill level 1 in Evocations
  5339 | D:5      | Reached XP level 7. HP: 19/38 MP: 16/20
  5523 | D:5      | Noticed an ancient zyme
  5548 | D:5      | Reached skill level 1 in Poison Magic
  5567 | D:5      | Slain by a gnoll

Illustrated notes

Levels and vault maps discovered:
D:1:      mainiacjoe_arrival_reflecting_pool, layout_basic, serial_shops,
          nicolae_lakefront_shop
D:2:      layout_loops_cross, basic_altar
D:3:      layout_rooms, grunt_temple_overflow_holy_war,
          nicolae_sif_muna_little_library, ashenzari_altar_1,
          basic_ecumenical_altar, roderic_lattice_a, uniq_terence
D:4:      layout_basic, riverfiend_overflow_shadow_ancestor, serial_shops,
          nicolae_diamond_shop
D:5:      layout_rooms, gammafunk_ghost_abyssal_escape,
          ebering_dispersal_statue_hall, nrook_loot_triangle

Skill      XL: |  1  2  3  4  5  6  7 |
---------------+----------------------+-----
Spellcasting   | 5 6 7 |  7.9
Fighting       | 1 |  1.1
Armour         | 1 |  1.0
Conjurations   | 2 3 |  3.9
Necromancy     | 1 |  1.1
Dodging        | 3 |  3.1
Fire Magic     | 1 |  1.5
Stealth        | 3 |  3.2
Air Magic      | 1 2 |  2.0
Evocations     | 1 |  1.1
Poison Magic   | 1 |  1.0
Summonings     | |  1.1
Translocations | |  1.1

Action                   |  1- 3 |  4- 6 |  7- 9 || total
-------------------------+-------+-------+-------++-------
Melee: Dagger            |    13 |       |       ||    13
       Staff             |     5 |    15 |     5 ||    25
 Cast: Magic Dart        |   121 |    94 |    26 ||   241
       Mephitic Cloud    |     1 |     3 |     1 ||     5
       Conjure Flame     |       |     4 |     1 ||     5
Armor: Robe              |     8 |       |       ||     8
       Leather armour    |       |     7 |     1 ||     8
Dodge: Dodged            |    25 |    32 |    13 ||    70

Table legend: (Time is in decaauts)
 A = Elapsed time spent in this place.
 B = Non-inter-level travel time spent in this place.
 C = Inter-level travel time spent in this place.
 D = Time resting spent in this place.
 E = Time spent auto-exploring this place.
 F = Levels seen in this place.
 G = Mean time per level.
                   A        B        C        D        E       F      G
               +--------+--------+--------+--------+--------+-----+--------+
         Total |   5570 |   5401 |    169 |    106 |   4717 |   5 | 1114.0 |
       Dungeon |   5570 |   5401 |    169 |    106 |   4717 |   5 | 1114.0 |
               +--------+--------+--------+--------+--------+-----+--------+

Top non-repeatable levels by time:
     D:1: 1620 daAuts
     D:2: 1393 daAuts
     D:4: 1286 daAuts
     D:3: 737 daAuts
     D:5: 532 daAuts
